[Event "*** Titled Tuesday Blitz"]
[Site "Chess.com"]
[Date "2018.08.07"]
[Round "1"]
[White "guillembaches"]
[Black "Arystanner23"]
[Result "0-1"]
[WhiteElo "2226"]
[BlackElo "2570"]
[TimeControl "180+2"]
[EndTime "13:08:00 PDT"]
[Termination "Arystanner23 won by resignation"]

1. d4 Nf6 2. Bf4 e6 3. e3 c5 4. c3 Nc6 5. Nd2 d5 6. Ngf3 cxd4 7. exd4 Nh5 8. Be3 Bd6 9. Bb5 O-O 10. Ne5 g6 11.
Ndf3 Ne7 12. O-O Nf5 13. Bd2 f6 14. Ng4 Nhg7 15. Re1 a6 16. Bd3 Bd7 17. Ne3 Nxe3 18. Bxe3 Qc7 19. h4 Rae8 20. Bh6 Bf4 21. Bxg7 Kxg7 22.
h5 e5 23. dxe5 fxe5 24. Bf1 e4 25. Nd4 Bh2+ 26. Kh1 Rxf2 27. Re2 Ref8 28. Rxf2 Rxf2 29. Nf3 Be5 30. Kg1 exf3 31. Kxf2 Qb6+ 32. Kxf3 Qf6+ 33. Ke3 Qf4+ 34. Kd3 Bf5+ 35. Ke2 Bg4+ 36. Ke1 Bxd1 0-1

[Event "*** Titled Tuesday Blitz"]
[Site "Chess.com"]
[Date "2018.08.07"]
[Round "1"]
[White "Kimster98"]
[Black "AndrewDGreen"]
[Result "1-0"]
[WhiteElo "2507"]
[BlackElo "2175"]
[TimeControl "180+2"]
[EndTime "13:08:06 PDT"]
[Termination "Kimster98 won by resignation"]

1. d4 Nf6 2. c4 g6 3. g3 Bg7 4.
Bg2 d6 5. Nc3 O-O 6. Nf3 c6 7. O-O Bf5 8. Ne1 Be6 9. b3 d5 10.
c5 b6 11. Na4 Nbd7 12. Bb2 bxc5 13. Nxc5 Nxc5 14. dxc5 a5 15. Nd3 Nd7 16. Bxg7 Kxg7 17. Qc1 f6 18. Qc3 Bf7 19. e4 e5 20. exd5 cxd5 21.
a3 d4 22. Qc2 Rc8 23. b4 Qe7 24. Rfe1 g5 25. c6 Nb6 26. b5 Nd5 27. Qc5 Qxc5 28. Nxc5 Nb6 29. Bh3 Rc7 30. Nd7 Nxd7 31. Bxd7 Rb8 32.
Rab1 Rb6 33. f4 gxf4 34. gxf4 Bg6 35. fxe5 Bxb1 36. exf6+ Kxf6 37. Rxb1 Ke5 38. Kf2 a4 39. Rb4 Ke4 40. Ke2 h6 41. Kd2 Kd5 42. Kd3 Kc5 43. Rxd4 Rxb5 44. Rxa4 Rb3+ 45. Ke4 Rh3 46. Bxh3 Rxc6 47.
Kd3 1-0

[Event "*** Titled Tuesday Blitz"]
[Site "Chess.com"]
[Date "2018.08.07"]
[Round "1"]
[White "BillForster"]
[Black "MaestroASK"]
[Result "0-1"]
[WhiteElo "1637"]
[BlackElo "2418"]
[TimeControl "180+2"]
[EndTime "13:08:07 PDT"]
[Termination "MaestroASK won by resignation"]

1. d4 d6 2. e4 g6 3. Nc3 c6 4. Be3 e5 5. Nf3 Bg7 6. h3 f6 7. Be2 Nd7 8. O-O Nh6 9. Qd2 Nf7 10. Rfd1 Qe7 11. Bf1 O-O 12. Re1 Re8 13. Rad1 Nb6 14. b3 Qf8 15. Nb1 Bh6 16. c4 Bxe3 17. Qxe3 Qh6 18. Nc3 Qxe3 19. Rxe3 Kf8 20. Red3 Ke7 21. c5 dxc5 22. dxc5 Nd7 23. b4 a5 24. a3 axb4 25. axb4 Nf8 26. Be2 Be6 27. h4 h5 28. g3 Red8 29. Rxd8 Nxd8 30. Ne1 Ra3 31. Rd3 Rb3 32. Bd1 Rxb4 33. Nc2 Rc4 34. Ne3 Rxc5 35. Kg2 Nd7 36.
Na4 Ra5 37. Nc3 b5 38. Bc2 Nb7 39. Nb1 Nd6 40. f3 Nc4 41. Rc3 Nxe3+ 42. Rxe3 Ra2 43.
Re2 Bc4 44. Rd2 Nc5 45. Kf2 b4 46. Ke3 b3 47. Bd1 Ra1 48. Rb2 Na4 0-1

[Event "*** Titled Tuesday Blitz"]
[Site "Chess.com"]
[Date "2018.08.07"]
[Round "1"]
[White "michaelk123"]
[Black "gmjlh"]
[Result "0-1"]
[WhiteElo "2376"]
[BlackElo "2766"]
[TimeControl "180+2"]
[EndTime "13:08:23 PDT"]
[Termination "gmjlh won by checkmate"]

1. e4 c6 2. Nf3 d5 3. Nc3 dxe4 4. Nxe4 Nf6 5. Qe2 Nxe4 6. Qxe4 Qa5 7. Bc4 Bf5 8. Qf4 e6 9. Bb3 Nd7 10. O-O Nc5 11.
Nd4 Nxb3 12. Nxb3 Qb4 13. Qxb4 Bxb4 14. c3 Bd6 15. d4 b6 16. Re1 Kd7 17. a4 a5 18. Nd2 f6 19. Nc4 Bc7 20. Be3 Rab8 21. f3 g5 22. Kf2 h5 23. g3 Bg6 24. f4 Bd3 25. Nd2 g4 26. h4 gxh3 27. Rh1 Bf5 28. Nf3 b5 29. Nh4 Bg4 30. axb5 Rxb5 31. Bc1 Rhb8 32. Nf3 Bb6 33. Rd1 Ke8 34. Re1 Kf7 35.
Ra2 c5 36. c4 Rb4 37. Bd2 Rxc4 38. d5 exd5 39. Nh4 Rc2 40. Ke3 c4# 0-1

[Event "*** Titled Tuesday Blitz"]
[Site "Chess.com"]
[Date "2018.08.07"]
[Round "1"]
[White "Maxim_e2e4"]
[Black "LittlePeasant"]
[Result "0-1"]
[WhiteElo "2389"]
[BlackElo "2794"]
[TimeControl "180+2"]
[EndTime "13:08:25 PDT"]
[Termination "LittlePeasant won by resignation"]

1. e4 c5 2. Nf3 e6 3. d3 Nc6 4. g3 g6 5. Bg2 Bg7 6. O-O Nge7 7. c3 d5 8. e5 Nxe5 9. Nxe5 Bxe5 10.
Bg5 h6 11. Be3 b6 12. Nd2 Nf5 13. Nf3 Nxe3 14. fxe3 Bg7 15. d4 O-O 16. Rf2 Ba6 17.
Qa4 Bb7 18. Raf1 Qe8 19. Qd1 Ba6 20. Re1 Rc8 21. Nd2 b5 22. Nb3 cxd4 23. exd4 Qc6 24.
Nc5 Rce8 25. b4 Bc8 26. Rfe2 Rd8 27. Qb3 h5 28. a4 bxa4 29. Nxa4 Ba6 30. Rd2 Bc4 31.
Qa3 Qa6 32. Ra1 Bh6 33. Rdd1 Ra8 34. Nc5 Qd6 35. Bf1 Bxf1 36. Rxf1 h4 37. gxh4 Qe7 38. Qb2 Qxh4 39. Qe2 Bg5 40. Kh1 Be7 41. Nd7 Rfd8 42. Ne5 Rf8 43. Nd7 Rfc8 44. Ne5 Bf6 45. Rxf6 Qxf6 46. Rf1 Qh4 47. Rxf7 Rxc3 48. Rf1 Qe4+ 49. Qxe4 dxe4 50. Nxg6 Rb8 51. Nf4 Rf3 52. Rg1+ Kf7 0-1

[Event "*** Titled Tuesday Blitz"]
[Site "Chess.com"]
[Date "2018.08.07"]
[Round "1"]
[White "gkchesstiger"]
[Black "b_6"]
[Result "1-0"]
[WhiteElo "2778"]
[BlackElo "2385"]
[TimeControl "180+2"]
[EndTime "13:08:28 PDT"]
[Termination "gkchesstiger won by resignation"]

1. d4 d5 2. Nf3 Nf6 3. Bf4 e6 4. Nbd2 Bd6 5. Bg3 O-O 6. e3 b6 7. c3 Bb7 8. Ne5 Nbd7 9. Bd3 Ne4 10. Qc2 f5 11. Nxd7 Qxd7 12. Nf3 Nxg3 13. hxg3 h6 14. Nh4 Qf7 15. f4 Be7 16. Nf3 Bf6 17. Kf2 c5 18.
Qe2 a5 19. a4 Ra7 20. Ne5 Bxe5 21. fxe5 Rfa8 22. g4 Ba6 23. gxf5 Bxd3 24. Qxd3 c4 25. Qc2 Rf8 26. f6 gxf6 27. Rxh6 fxe5+ 28. Kg1 e4 29. Qe2 Qg7 30. Qh5 Rf6 31. Rxf6 Qxf6 32. Rf1 Qg7 33.
Qe8+ Kh7 34. Rf4 Qg5 35. Qxe6 Rg7 36. Qh3+ Kg8 37. Rh4 Kf7 38. Qd7+ Kg6 39. Qe6+ Qf6 40. Rg4+ 1-0

[Event "*** Titled Tuesday Blitz"]
[Site "Chess.com"]
[Date "2018.08.07"]
[Round "1"]
[White "maciek_92"]
[Black "thegreendog"]
[Result "1-0"]
[WhiteElo "2718"]
[BlackElo "2327"]
[TimeControl "180+2"]
[EndTime "13:08:32 PDT"]
[Termination "maciek_92 won by resignation"]

1. c4 Nf6 2. Nc3 e5 3. g3 Nc6 4.
Bg2 Bb4 5. e4 O-O 6. Nge2 a5 7.
O-O d6 8. d3 Nd4 9. Nxd4 exd4 10. Ne2 Bc5 11. h3 Bd7 12. b3 Bb6 13. Bb2 c5 14. a4 Qc8 15. Kh2 Ne8 16. Bc1 f5 17.
exf5 Bxf5 18. Nf4 Nf6 19. Ra2 Bd7 20. Re2 Bc6 21. Rfe1 Bxg2 22. Nxg2 Qc6 23. Re6 Rae8 24. Nf4 Rxe6 25. Rxe6 Qd7 26. Qe2 Bd8 27. Bd2 Re8 28. Rxe8+ Qxe8 29. Qxe8+ Nxe8 30. Nd5 Kf7 31. Kg2 Nf6 32.
Nxf6 Kxf6 33. Kf3 Kf5 34. g4+ Ke6 35. Ke4 g5 36. f3 b6 37. f4 gxf4 38. Bxf4 Bh4 39.
Bh6 Bf6 40. g5 Be5 41. h4 Kf7 42. h5 Ke6 43. Bf8 Kf7 44. Bh6 Ke6 45. g6 hxg6 46. hxg6 Kf6 47. g7 Kf7 48. Kd5 Bg3 49. Kc6 Be1 50.
Kxb6 Bg3 51. Kxa5 Be1+ 52. Kb6 1-0

[Event "*** Titled Tuesday Blitz"]
[Site "Chess.com"]
[Date "2018.08.07"]
[Round "1"]
[White "Quiet_Desperation"]
[Black "AdrianaNikolova"]
[Result "1-0"]
[WhiteElo "1897"]
[BlackElo "2414"]
[TimeControl "180+2"]
[EndTime "13:08:32 PDT"]
[Termination "Quiet_Desperation won by checkmate"]

1. e4 c5 2. Nf3 d6 3. d4 cxd4 4. Nxd4 Nf6 5. Nc3 Nc6 6. Bg5 e6 7. Bc4 a6 8. Qd2 h6 9. Be3 Bd7 10. f3 Rc8 11. Bb3 Ne5 12. O-O-O Nc4 13. Bxc4 Rxc4 14. Nde2 Qa5 15. Kb1 Be7 16. g4 b5 17.
Nc1 b4 18. N3e2 O-O 19. h4 Rfc8 20. Nb3 Qc7 21. Rc1 a5 22. g5 Nh5 23. gxh6 g6 24. Bg5 Bf8 25. Rhg1 a4 26. Nbd4 Kh7 27. Ng3 Nxg3 28. Rxg3 d5 29. Rgg1 dxe4 30. h5 Qe5 31. hxg6+ fxg6 32. Be3 Be8 33. Rg5 Qf6 34. fxe4 e5 35.
Ne2 Rxe4 36. Ng3 Rh4 37. Rf1 Qd6 38. Qf2 Bxh6 39. Ne4 Rxe4 40. Rh1 Bc6 41. Qf7+ Kh8 42. Rxh6# 1-0

[Event "*** Titled Tuesday Blitz"]
[Site "Chess.com"]
[Date "2018.08.07"]
[Round "1"]
[White "pultineviciuspaulius"]
[Black "rikyshi"]
[Result "1-0"]
[WhiteElo "2570"]
[BlackElo "2222"]
[TimeControl "180+2"]
[EndTime "13:08:34 PDT"]
[Termination "pultineviciuspaulius won by resignation"]

1. d4 Nf6 2. c4 e6 3. Nf3 Bb4+ 4. Bd2 Qe7 5. Qc2 O-O 6. Nc3 d5 7. e3 c6 8. Bd3 Nbd7 9. O-O dxc4 10. Bxc4 e5 11.
dxe5 Nxe5 12. Be2 Nxf3+ 13. Bxf3 Be6 14. a3 Ba5 15. Nd5 Bxd5 16. Bxa5 Bxf3 17. gxf3 Nd5 18. Kh1 Qf6 19. f4 Rfe8 20. Rg1 b6 21. Bd2 Rac8 22.
Rg3 g6 23. Rag1 Qe6 24. f5 Qe4+ 25. Qxe4 Rxe4 26. fxg6 fxg6 27. Rg4 Nf6 28. Rg5 c5 29.
Bc3 Kf7 30. Rd1 Rce8 31. Rd6 R8e6 32. Rd3 Re7 33. Kg2 Rg4+ 34. Rxg4 Nxg4 35. h3 Ne5 36.
Rd5 Nc6 37. Kf3 Ke6 38. e4 Rd7 39. Rg5 Rd3+ 40. Kg2 Nd4 41. h4 Kf6 42. Rg4 Ke5 43. f3 Kd6 44. Rf4 Ke7 45. Kf2 Ne6 46. Rg4 b5 47. h5 Kf7 48. hxg6+ hxg6 49. Rh4 Rd7 50.
Rh7+ Ke8 51. Rh8+ Kf7 52. Rh7+ Ke8 53. Rxd7 Kxd7 54. Kg3 Kc6 55. Kg4 Kd6 56. f4 Nd4 57. Bxd4 cxd4 58. Kf3 Ke6 59. Ke2 Kf6 60. Kd3 g5 61.
fxg5+ Kxg5 62. Kxd4 Kf4 63. Kc5 a6 64. Kb6 Kxe4 65. Kxa6 Kd4 66. Kxb5 Kd3 67. a4 Kc2 68. a5 Kb3 69. a6 Kxb2 70. a7 1-0

[Event "*** Titled Tuesday Blitz"]
[Site "Chess.com"]
[Date "2018.08.07"]
[Round "1"]
[White "FMchesstrainer"]
[Black "KenanGarayev"]
[Result "1-0"]
[WhiteElo "2350"]
[BlackElo "2702"]
[TimeControl "180+2"]
[EndTime "13:08:39 PDT"]
[Termination "FMchesstrainer won by resignation"]

1. d4 Nf6 2. Bg5 c5 3. d5 Qb6 4. Nc3 g6 5. Qd2 Bg7 6. O-O-O Ne4 7. Qe3 Nxg5 8. Qxg5 Bxc3 9. bxc3 Qa5 10. Kb2 d6 11. e4 b5 12. e5 dxe5 13. Qxe5 f6 14. Qe3 Nd7 15. Nf3 Bb7 16. h4 O-O-O 17. Qxe7 Nb6 18.
Qxc5+ Kb8 19. Qb4 Na4+ 20. Ka1 Qc7 21. c4 Nb6 22. Qxb5 Rhe8 23. Bd3 Nd7 24. Rb1 Nc5 25. Rhe1 Rf8 26. Re3 Rd6 27. Rbe1 a6 28. Re8+ Ka7 29. Qb2 Rb6 30. Qd4 Rxe8 31. Rxe8 Rb4 32. c3 Ra4 33.
Re2 Qa5 34. d6 Kb8 35. Kb1 Bc6 36. Rb2+ Ka8 37. Nd2 Nxd3 38. Qxd3 Bd7 39. Ne4 Qf5 40. f3 Ra5 41. Qd4 Bc6 42. Qb6 Bxe4+ 43. Ka1 Qc8 44. Qxa5 Bd3 45. Qd5+ 1-0

[Event "*** Titled Tuesday Blitz"]
[Site "Chess.com"]
[Date "2018.08.07"]
[Round "1"]
[White "juniortay"]
[Black "OparinGrigoriy"]
[Result "0-1"]
[WhiteElo "2406"]
[BlackElo "2886"]
[TimeControl "180+2"]
[EndTime "13:08:40 PDT"]
[Termination "OparinGrigoriy won by resignation"]

1. e4 e5 2. Nc3 Nc6 3. Bc4 Bc5 4. Qg4 Kf8 5. Qf3 Nf6 6. Nge2 d6 7. d3 Nb4 8. O-O Nxc2 9. Rb1 Nd4 10. Nxd4 Bxd4 11.
Be3 Bb6 12. Qg3 Be6 13. Bxe6 fxe6 14. f4 exf4 15. Rxf4 e5 16. Rf5 c6 17. Kh1 Bxe3 18.
Qxe3 Kg8 19. Rbf1 Qe7 20. g4 h6 21. g5 hxg5 22. Rxg5 Rf8 23. Rfg1 Rh7 24. Ne2 Nh5 25. Qxa7 Nf4 26. Qe3 Nh3 27. R5g3 Nxg1 28. Qxg1 Qf7 29.
Qe3 Qf1+ 30. Ng1 Qf2 31. Rh3 Qxe3 32. Rxe3 Rf2 33. h3 Rxb2 34. a4 Ra2 35. Ne2 Rxa4 36. Kg2 Ra2 37. Kg3 Rh6 38. h4 Rg6+ 39. Kh3 Rf6 40.
Ng3 Raf2 41. h5 R6f3 42. Re1 Rxd3 43. Kh4 Rh2+ 44. Kg4 Rg2 45. Kh4 Rdxg3 46. Rf1 Rg4+ 47. Kh3 Rf4 0-1

[Event "*** Titled Tuesday Blitz"]
[Site "Chess.com"]
[Date "2018.08.07"]
[Round "1"]
[White "Slovak_fighter2000"]
[Black "Parhamov"]
[Result "1-0"]
[WhiteElo "2396"]
[BlackElo "2751"]
[TimeControl "180+2"]
[EndTime "13:08:43 PDT"]
[Termination "Slovak_fighter2000 won by resignation"]

1. d4 d5 2. Nf3 a6 3. Bf4 Bf5 4. e3 e6 5. c4 Nf6 6. Nc3 c6 7.
Bd3 Bxd3 8. Qxd3 Nbd7 9. O-O Bb4 10. h3 O-O 11. c5 b6 12. cxb6 Qxb6 13. a3 Bxc3 14.
Qxc3 a5 15. Rfc1 Rfc8 16. Nd2 c5 17. b3 h6 18. Qd3 a4 19. Rab1 axb3 20. Rxb3 Qa7 21.
dxc5 Nxc5 22. Qd4 Nfd7 23. Rbc3 Rc6 24. Nb3 Nxb3 25. Qxa7 Rxa7 26. Rxc6 Nxc1 27. Rxc1 Rxa3 28. Rc8+ Kh7 29. Rc7 Ra1+ 30. Kh2 Nf6 31. Rxf7 Kg6 32. Re7 Kf5 33. Rxg7 e5 34. Bxh6 d4 35. exd4 exd4 36.
g4+ Ke6 37. Rb7 d3 38. Rb3 Rd1 39. Kg2 Ne4 40. Be3 Kd5 41. g5 Kc4 42. Rb8 d2 43.
Rd8 Kc3 44. g6 Kc2 45. g7 Nf6 46. Rxd2+ Rxd2 47. Bxd2 Kxd2 48. Kf3 Ke1 49. h4 Kf1 50. h5 Kg1 51. h6 Kh2 52. h7 1-0

[Event "*** Titled Tuesday Blitz"]
[Site "Chess.com"]
[Date "2018.08.07"]
[Round "1"]
[White "Haykos"]
[Black "51616516516"]
[Result "1-0"]
[WhiteElo "2513"]
[BlackElo "2192"]
[TimeControl "180+2"]
[EndTime "13:08:45 PDT"]
[Termination "Haykos won on time"]

1. e4 c5 2. Nf3 g6 3. d4 cxd4 4.
Nxd4 Nc6 5. c4 Nf6 6. Nc3 d6 7. Be2 Bg7 8. O-O O-O 9. Be3 Bd7 10. Rc1 Nxd4 11. Bxd4 Bc6 12. Qd3 a5 13. b3 Nd7 14.
Bxg7 Kxg7 15. f4 Qb6+ 16. Kh1 Nc5 17. Qe3 Na4 18. Qd2 Nxc3 19. Qxc3+ Kg8 20. Bd3 Qc5 21.
Rce1 b5 22. e5 d5 23. f5 dxc4 24. bxc4 b4 25. Qc1 Qd4 26. Qh6 Qg4 27. Be4 Bxe4 28.
Rxe4 Qh5 29. Qxh5 gxh5 30. c5 Rac8 31. Rc1 Rfd8 32. c6 Rd2 33. Kg1 Kg7 34. c7 Rd7 35.
Rec4 a4 36. e6 fxe6 37. fxe6 Rd6 38. Rxb4 Rxe6 39. Rb8 1-0

[Event "*** Titled Tuesday Blitz"]
[Site "Chess.com"]
[Date "2018.08.07"]
[Round "1"]
[White "AquivaRubinstein"]
[Black "dretch"]
[Result "1-0"]
[WhiteElo "2398"]
[BlackElo "2751"]
[TimeControl "180+2"]
[EndTime "13:08:46 PDT"]
[Termination "AquivaRubinstein won by resignation"]

1. d4 d5 2. c4 c6 3. Nf3 Nf6 4.
Nc3 dxc4 5. a4 Bf5 6. Ne5 Nbd7 7. Nxc4 Nb6 8. Ne5 a5 9. f3 Nfd7 10. e4 Nxe5 11. exf5 Ned7 12. Bd3 g6 13. O-O Bg7 14. Be3 O-O 15. Kh1 Nf6 16. Qe2 Nfd5 17. Bf2 Nf4 18. Qe4 Nxd3 19. Qxd3 Nd5 20. Rae1 Re8 21. Nxd5 Qxd5 22.
fxg6 hxg6 23. Re4 e5 24. Rfe1 c5 25. Qb5 f5 26. R4e2 e4 27. fxe4 fxe4 28. dxc5 Re7 29. Be3 Be5 30. h3 Rf8 31. Rd2 Qe6 32. Qb6 Qf5 33.
Rf2 Qd7 34. Qxg6+ Rg7 35. Rxf8+ Kxf8 36. Bh6 e3 37. Bxg7+ Bxg7 38. Rf1+ Kg8 39. Qe4 Bh6 40.
Qg6+ Bg7 41. Qg3 e2 42. Re1 Qd2 43. Qf2 Qxb2 44. Qxe2 Qb4 45. Qe6+ Kh8 46. Qe8+ Kh7 47. Qh5+ Kg8 48. Re8+ 1-0

[Event "*** Titled Tuesday Blitz"]
[Site "Chess.com"]
[Date "2018.08.07"]
[Round "1"]
[White "Mr_Penings"]
[Black "Carolina-moon"]
[Result "1-0"]
[WhiteElo "2495"]
[BlackElo "2143"]
[TimeControl "180+2"]
[EndTime "13:08:46 PDT"]
[Termination "Mr_Penings won by checkmate"]

1. c4 f5 2. g3 Nf6 3. Bg2 g6 4. Nc3 Bg7 5. d3 O-O 6. e4 d6 7. Nge2 Nc6 8. O-O e6 9. f4 Bd7 10. h3 Qe7 11. Be3 a6 12. Qd2 Rae8 13. Rae1 e5 14. Nd5 Nxd5 15. cxd5 Nd4 16. Nxd4 exd4 17. Bf2 fxe4 18. dxe4 c5 19. dxc6 Bxc6 20. Bxd4 Qf7 21. b3 Bf6 22. Re3 Qg7 23. Rd1 Rd8 24. Bxf6 Qxf6 25.
Qd4 Qf7 26. Qb4 Qf6 27. Red3 Rfe8 28. Rxd6 Rxd6 29. Qxd6 Qxd6 30. Rxd6 Bxe4 31. Bxe4 Rxe4 32. Rd8+ Kg7 33. Rd7+ Kh6 34. Rxb7 Re2 35. a4 Rb2 36. b4 a5 37. b5 Rb4 38. b6 Rxa4 39. Ra7 Rb4 40.
b7 Rb3 41. Kg2 Rb5 42. Kf3 Rb3+ 43. Kg4 Rb5 44. Kf3 Rb3+ 45. Ke4 a4 46. Kd5 a3 47.
Kc6 Kh5 48. Kc7 Rc3+ 49. Kd8 Rd3+ 50. Kc8 Rc3+ 51. Kb8 h6 52. Ka8 Rb3 53. b8=Q a2 54. Qxb3 a1=Q 55. Rxa1 g5 56. Qf7# 1-0

[Event "*** Titled Tuesday Blitz"]
[Site "Chess.com"]
[Date "2018.08.07"]
[Round "1"]
[White "Kubas1010"]
[Black "cool4chess"]
[Result "1-0"]
[WhiteElo "2477"]
[BlackElo "2096"]
[TimeControl "180+2"]
[EndTime "13:08:46 PDT"]
[Termination "Kubas1010 won by checkmate"]

1. d4 d5 2. c4 c6 3. Nf3 Nf6 4. g3 Bf5 5. Bg2 e6 6. Qb3 Qc8 7. O-O Nbd7 8. Nh4 Bg6 9. Nc3 Be7 10.
cxd5 exd5 11. Bg5 O-O 12. Rfe1 Re8 13. Rac1 Be4 14. f3 Bg6 15. e4 dxe4 16. fxe4 Bh5 17. Nf5 Bf8 18. e5 Ng4 19. h3 Nh6 20. Bxh6 gxh6 21.
Ne4 Bg6 22. Ned6 Bxd6 23. Nxd6 Qb8 24. Nxe8 Qxe8 25. Qxb7 Rb8 26. Qxc6 Rxb2 27. e6 fxe6 28.
Rxe6 Qf7 29. Rf1 Bf5 30. Bd5 Kg7 31. Re5 Nxe5 32. dxe5 Qg6 33. Qf6+ Qxf6 34. exf6+ Kxf6 35. g4 Ke5 36. Rxf5+ Kd4 37. Bb3 Ke4 38. Rf7 Ke3 39.
Rxa7 Kf3 40. Rd7 Kg3 41. Rd3+ Kh4 42. a4 Kg5 43. a5 Kf4 44. a6 Ke4 45. Rc3 Kd4 46.
Rg3 Rb1+ 47. Kh2 Ra1 48. Bc2 Ra2 49. Rg2 Rxa6 50. Bxh7 Ke5 51. Rf2 Ra7 52. Bg6 Ra6 53. Bf5 Ra3 54. Kg2 Kf6 55. Be4+ Kg7 56. Rf3 Ra2+ 57.
Kg3 Ra4 58. Kf4 Kf6 59. h4 Kg7 60. Rb3 Ra7 61. Rb6 Ra4 62. Rg6+ Kf7 63. Rxh6 Kg7 64. g5 Rb4 65. Rh7+ Kg8 66. Rb7 Ra4 67. h5 Rc4 68.
h6 Kh8 69. Rb8+ Rc8 70. Rxc8# 1-0

[Event "*** Titled Tuesday Blitz"]
[Site "Chess.com"]
[Date "2018.08.07"]
[Round "1"]
[White "gena217"]
[Black "MateusViageiro"]
[Result "1-0"]
[WhiteElo "2707"]
[BlackElo "2314"]
[TimeControl "180+2"]
[EndTime "13:08:50 PDT"]
[Termination "gena217 won by resignation"]

1. e4 c5 2. Nf3 d6 3. d4 cxd4 4. Qxd4 Nc6 5. Bb5 Bd7 6. Qd3 Nf6 7. c4 a6 8. Bxc6 Bxc6 9. Nc3 e6 10. O-O Be7 11. Rd1 Qc7 12. Bf4 e5 13. Be3 h6 14.
Rac1 O-O 15. b4 Be8 16. a4 Qc8 17. a5 Qe6 18. h3 Rc8 19. Nd2 Kh7 20. b5 Bd8 21. Ra1 Nd7 22. Nd5 Nc5 23. Qc2 f5 24. bxa6 Nxa6 25. exf5 Qxf5 26. Qxf5+ Rxf5 27. Ne4 Rc6 28. Rab1 Rf7 29. Nb6 Bxb6 30. Rxb6 Rxb6 31. axb6 Bc6 32.
Nxd6 Rd7 33. c5 Nb4 34. Ra1 Nd5 35. Ra8 e4 36. Rc8 Nc3 37. Rc7 Nd5 38. Rxd7 Bxd7 39. Nxb7 Bc6 40. Na5 Ba8 41. b7 Bxb7 42. Nxb7 Kg6 43. c6 Kf5 44. Nd6+ Ke6 45. Nxe4 Ne7 46. c7 Kd7 47. Bf4 Nd5 48. Bg3 Kc8 49. Nc5 Nxc7 50.
Bxc7 Kxc7 51. Ne6+ 1-0

[Event "*** Titled Tuesday Blitz"]
[Site "Chess.com"]
[Date "2018.08.07"]
[Round "1"]
[White "KRASAVCHIK2002"]
[Black "David_Klein"]
[Result "0-1"]
[WhiteElo "2188"]
[BlackElo "2512"]
[TimeControl "180+2"]
[EndTime "13:08:51 PDT"]
[Termination "David_Klein won by resignation"]

1. e4 g6 2. Nf3 Bg7 3. d4 d6 4. Nc3 Nf6 5. Bg5 c6 6. Qd2 b5 7. Bd3 Bg4 8. Qf4 Bxf3 9. Qxf3 Nfd7 10. O-O Bxd4 11. Rab1 Bg7 12. Qe2 Nc5 13. f4 O-O 14. Nd1 Nbd7 15. Nf2 Ne6 16. Ng4 h5 17. Nh6+ Kh7 18.
e5 Ndc5 19. Qxh5 Nxd3 20. Qh4 Bxh6 21. Qxh6+ Kg8 22. cxd3 dxe5 23. f5 Nxg5 24. Qxg5 Qd6 25. fxg6 Qxg6 26. Qxg6+ fxg6 27. Rfe1 Rf5 28. Re3 Rd8 29.
Rbe1 Kf7 30. Rxe5 Rxe5 31. Rxe5 Rxd3 32. Re2 Rd5 33. Kf2 e5 34. Rc2 c5 35. Ke3 Ke6 36.
Rf2 c4 37. g4 Rd3+ 38. Ke2 Rh3 39. g5 Kd5 40. Rf6 Rxh2+ 41. Ke3 Rxb2 42. Rxg6 Rxa2 43. Rg8 Ra3+ 44. Ke2 Ke4 0-1

[Event "*** Titled Tuesday Blitz"]
[Site "Chess.com"]
[Date "2018.08.07"]
[Round "1"]
[White "ftorodent"]
[Black "Stormeman100100"]
[Result "1-0"]
[WhiteElo "2485"]
[BlackElo "2110"]
[TimeControl "180+2"]
[EndTime "13:08:52 PDT"]
[Termination "ftorodent won on time"]

1. d4 Nf6 2. c4 e6 3. Nf3 d5 4. e3 c5 5. cxd5 exd5 6. a3 Nc6 7. dxc5 Bxc5 8. b4 Bb6 9. Bb2 O-O 10.
Be2 Bg4 11. O-O Re8 12. Nbd2 d4 13. exd4 Nxd4 14. Bxd4 Bxd4 15. Nxd4 Qxd4 16. Bxg4 Nxg4 17. Nf3 Qxd1 18. Rfxd1 Rad8 19. Rac1 g6 20. h3 Ne5 21. Rxd8 Nxf3+ 22. gxf3 Rxd8 23. Rc7 Rd3 24. a4 Rb3 25. Rxb7 a5 26. b5 Rb4 27. Ra7 Rxa4 28. Kf1 Kg7 29. Ke2 Ra2+ 30. Ke3 a4 31. Kd4 Rxf2 32. Rxa4 Rxf3 33. Rb4 Rxh3 34. b6 Rh1 35. b7 Rd1+ 36. Ke3 Rd8 37. b8=Q Rxb8 38. Rxb8 h5 39. Kf4 f6 40. Rb7+ Kh6 41. Rf7 g5+ 42. Kf5 h4 43.
Rxf6+ 1-0

[Event "*** Titled Tuesday Blitz"]
[Site "Chess.com"]
[Date "2018.08.07"]
[Round "1"]
[White "Zhigalko_Sergei"]
[Black "pedromartinez91"]
[Result "1-0"]
[WhiteElo "2859"]
[BlackElo "2406"]
[TimeControl "180+2"]
[EndTime "13:08:56 PDT"]
[Termination "Zhigalko_Sergei won by checkmate"]

1. e4 e6 2. d4 d5 3. e5 c5 4.
c3 Nc6 5. Nf3 Qb6 6. a3 Nh6 7. b4 cxd4 8. cxd4 Nf5 9. Be3 Bd7 10.
Bd3 Be7 11. O-O Rc8 12. Qe1 h6 13. Nc3 O-O 14. Bxf5 exf5 15. Nxd5 Qd8 16. Nf4 Bg5 17. d5 Bxf4 18. Bxf4 Ne7 19. Qd2 Bb5 20. Rfd1 Ba4 21.
d6 Ng6 22. Rdc1 Qd7 23. h4 Rfe8 24. h5 Nf8 25. Nd4 Ne6 26. Nxf5 Kh7 27. Be3 Nd8 28.
Ne7 Rxc1+ 29. Rxc1 Nc6 30. Qd3+ Kh8 31. Nxc6 Bxc6 32.
Bf4 Qg4 33. Bg3 Qxh5 34. b5 Bd7 35. Rc7 Bf5 36. Qd2 Qg4 37. Rxf7 Be6 38. Rxb7 Qe4 39.
Rc7 Bd5 40. f3 Qb1+ 41. Kh2 Qxb5 42. Qd4 Kh7 43. e6 Rg8 44. Re7 Ba8 45. Qg4 Qe2 46. d7 Bc6 47. d8=Q Bxf3 48. Qxg8+ Kxg8 49. Qxg7# 1-0

[Event "*** Titled Tuesday Blitz"]
[Site "Chess.com"]
[Date "2018.08.07"]
[Round "1"]
[White "yoolund"]
[Black "inegrepus"]
[Result "1-0"]
[WhiteElo "2520"]
[BlackElo "2203"]
[TimeControl "180+2"]
[EndTime "13:08:56 PDT"]
[Termination "yoolund won by resignation"]

1. b3 Nf6 2. Bb2 g6 3. Nf3 Bg7 4. g3 O-O 5. Bg2 d6 6. O-O c5 7. c4 Nc6 8. Nc3 e5 9. e3 Bg4 10. h3 Be6 11. d4 exd4 12. exd4 cxd4 13. Nxd4 Nxd4 14. Qxd4 Nd5 15. Qd2 Nxc3 16. Bxc3 Bxc3 17. Qxc3 Qc8 18. Kh2 d5 19. c5 Qc6 20. b4 a5 21. a3 axb4 22. axb4 Qb5 23. Qd4 Rfd8 24. Bf3 h5 25. Rfd1 Ra6 26. Rxa6 Qxa6 27. Ra1 Qc6 28.
Be2 Qc7 29. Rd1 h4 30. Qxh4 Qe5 31. Bf3 Ra8 32. Qd4 Qg5 33. Qf4 Qxf4 34. gxf4 Ra2 35. Kg2 Rb2 36. Bxd5 Bxd5+ 37. Rxd5 Rxb4 38. f5 gxf5 39.
Rxf5 Rc4 40. Kg3 Kg7 41. f4 Kg6 42. Rd5 Rc3+ 43. Kg4 Rc4 44. h4 Rc1 45. Rd6+ Kg7 46. Rd5 Kg6 47. h5+ Kg7 48. Kf5 Re1 49. Rd6 Rc1 50.
h6+ Kh7 51. Kf6 Rxc5 52. f5 Kxh6 53. Kxf7+ Kg5 54. f6 Rc7+ 55. Ke8 b5 56. f7 Rc8+ 57. Rd8 Rc5 58. f8=Q Re5+ 59. Kd7 Rd5+ 60. Kc7 Rxd8 61. Qxd8+ Kf5 62. Qd4 b4 63. Qxb4 Ke5 64. Qd2 Ke4 65. Kd6 Kf5 66. Qe3 Kf6 67. Qf3+ 1-0

[Event "*** Titled Tuesday Blitz"]
[Site "Chess.com"]
[Date "2018.08.07"]
[Round "1"]
[White "sergeikim"]
[Black "Aleksey_Sorokin"]
[Result "0-1"]
[WhiteElo "2355"]
[BlackElo "2730"]
[TimeControl "180+2"]
[EndTime "13:08:57 PDT"]
[Termination "Aleksey_Sorokin won by resignation"]

1. d4 Nf6 2. c4 e6 3. Nc3 Bb4 4. Qc2 d5 5. a3 Bxc3+ 6. Qxc3 O-O 7.
Nf3 dxc4 8. Qxc4 b6 9. Bf4 Nd5 10. Bg5 Qd7 11. e4 Ba6 12. Qc2 Bxf1 13. Rxf1 Nf6 14.
Bxf6 gxf6 15. O-O-O Qc6 16. d5 Qxc2+ 17. Kxc2 Na6 18. b4 Rfd8 19. Kb3 Kf8 20. Rfe1 Rac8 21.
Nd4 exd5 22. Nc6 Rd6 23. exd5 Ra8 24. Kc4 Nb8 25. Ne7 Nd7 26. Nf5 Ne5+ 27. Rxe5 fxe5 28.
Nxd6 cxd6 29. Kb5 Rc8 30. Ka6 Rc7 31. Rd3 Kg7 32. Rg3+ Kf6 33. Rf3+ Kg6 34. Rg3+ Kf5 35. Rf3+ Ke4 36. Rh3 f5 37. Rh5 f4 38. f3+ Kxd5 39. Rh6 Rd7 40. Kb5 Rc7 41. Ka6 Rg7 42. a4 Rd7 43. Kb5 Rc7 44. h4 Rg7 45. Ka6 e4 46.
fxe4+ Ke5 47. a5 bxa5 48. bxa5 Rf7 49. Kb5 Rb7+ 50. Ka6 Rg7 51. Kb5 Rxg2 52. Rxh7 f3 53. Rxa7 Rg6 54. Rf7 Rf6 55. Rc7 f2 56. Rc1 f1=Q+ 57.
Rxf1 Rxf1 58. a6 Kxe4 59. a7 Ra1 60. Kb6 d5 61. h5 Kf5 0-1